AoeStats
← 夜李神66g

Arabia

503378688Analyzed
2v2 RM · 1mo ago on Aug 31, 2026· 49m 49s· 4 players
Game mode
Random Map
Map size
Medium (4 player)
Population
200
Speed
Normal
Resources
Standard
Victory
Conquest
Starting age
Dark Age
Ending age
Imperial Age
RankedLock teamsTeams togetherTeam positionsShared explorationLock speedFull tech treeHidden civsTurbo modeCheats
Victory
Defeat
🇭🇰 Slavs · Hong Kong SAR China
890
+13
🇩🇪 Teutons · Germany
868
+13
🇹🇼 Celts · Taiwan
813
-35
🇹🇼 Spanish · Taiwan
813
-35
Gnow_hf
1:01 Loom
10:46 Feudal Age
11:12 Double-Bit Axe
12:58 Man-at-Arms
22:11 Castle Age
19:57 Horse Collar
20:41 Gold Mining
20:55 Stone Mining
22:00 Fletching
23:47 Bow Saw
23:54 Bloodlines
23:45 Husbandry
25:00 Bodkin Arrow
29:03 Wheelbarrow
28:14 Town Watch
29:06 Heavy Plow
30:04 Sanctity
31:28 Gold Shaft Mining
31:54 Detinets
32:08 Forging
32:04 Scale Barding Armor
32:49 Long Swordsman
33:29 Squires
36:58 Imperial Age
36:01 Hand Cart
36:01 Scale Mail Armor
36:33 Devotion
38:03 Iron Casting
37:44 Chain Mail Armor
37:38 Murder Holes
37:53 Masonry
38:46 Chemistry
37:52 Siege Engineers
37:57 Fortified Wall
37:21 Two-Handed Swordsman
38:29 Conscription
39:49 Blast Furnace
39:10 Chain Barding Armor
40:49 Crop Rotation
41:24 Two-Man Saw
40:36 Town Patrol
41:14 Plate Mail Armor
41:19 Plate Barding Armor
41:23 Hoardings
40:15 Elite Boyar
41:45 Druzhina
41:19 Champion
44:04 Padded Archer Armor
43:43 Capped Ram
45:11 Siege Ram
49:33 Caravan
MiepMoep
13:26 Feudal Age
14:27 Horse Collar
15:32 Arson
16:47 Wheelbarrow
16:01 Town Watch
15:53 Man-at-Arms
16:49 Double-Bit Axe
20:34 Forging
20:28 Padded Archer Armor
22:26 Scale Mail Armor
22:17 Fletching
25:34 Castle Age
23:58 Gold Mining
26:25 Squires
25:52 Long Swordsman
28:15 Iron Casting
28:02 Scale Barding Armor
28:21 Leather Archer Armor
32:03 Heavy Plow
38:34 Bodkin Arrow
38:55 Chain Mail Armor
39:01 Chain Barding Armor
42:41 Town Patrol
46:28 Imperial Age
45:18 Bow Saw
48:10 Blast Furnace
47:43 Ring Archer Armor
47:44 Plate Mail Armor
47:49 Plate Barding Armor
46:47 Two-Handed Swordsman
47:54 Champion
璃宮莎曉
12:53 Feudal Age
17:32 Loom
20:32 Castle Age
23:29 Fletching
31:46 Double-Bit Axe
35:23 Husbandry
夜李神66g
10:41 Feudal Age
14:02 Double-Bit Axe
16:39 Wheelbarrow
15:50 Loom
24:08 Castle Age
22:22 Man-at-Arms
24:22 Pikeman
24:27 Crossbowman
34:46 Scale Mail Armor
34:40 Fletching
43:34 Imperial Age
42:27 Horse Collar
43:44 Onager
45:34 Chain Mail Armor
45:31 Forging
45:19 Bodkin Arrow
45:32 Halberdier
Connection lost

Rejoining the realm…

Still unreachable

The connection could not be restored.

Session expired

The server has moved on; the page needs a fresh start.